 Dungeon Crawl Stone Soup version 0.27.0-1-g7a089689b8 (webtiles) character file.

Game seed: 1952635134753353169

840 horus123 the Reanimator (level 7, -1/37 HPs)
             Began as a Deep Elf Necromancer on Aug 8, 2021.
             Succumbed to a kobold brigand's curare-tipped dart
             ... on level 6 of the Dungeon.
             The game lasted 00:18:51 (6975 turns).

horus123 the Reanimator (Deep Elf Necromancer)      Turns: 6975, Time: 00:18:53

Health: -1/37      AC:  8    Str:  5    XL:     7   Next: 67%
Magic:  15/19      EV: 13    Int: 22    God:
Gold:   365        SH:  5    Dex: 15    Spells: 6/20 levels left

rFire    x . .     SeeInvis .   j - +3 short sword (venom)
rCold    + . .     Faith    .   (no shield)
rNeg     . . .     Spirit   .   a - +0 robe
rPois    .         Reflect  +   (no helmet)
rElec    .         Harm     .   (no cloak)
rCorr    .         Rampage  .   f - +0 pair of gloves
Will     .....                  o - +0 pair of boots
Stlth    ++........             e - amulet of reflection
HPRegen  0.12/turn              s - +4 ring of protection
MPRegen  0.16/turn              m - ring of ice

@: lethally poisoned (-1 -> -16), slowed, very slow
A: no striking features
a: no special abilities


You were on level 6 of the Dungeon.
You visited 1 branch of the dungeon, and saw 6 of its levels.

You collected 365 gold pieces.

Inventory:

Hand Weapons
 b - a +2 whip of electrocution
 j - a +3 short sword of venom (weapon)
Armour
 a - a +0 robe (worn)
 f - a +0 pair of gloves (worn)
 o - a +0 pair of boots (worn)
Jewellery
 e - an amulet of reflection (around neck)
 m - a ring of ice (right hand)
 s - a +4 ring of protection (left hand)
Wands
 l - a wand of iceblast (8)
 p - a wand of acid (9)
Scrolls
 g - a scroll of noise
 i - 3 scrolls of teleportation
Potions
 d - 2 potions of curing
 h - a potion of berserk rage {unknown}
 k - 2 potions of lignification {unknown}
 n - a potion of might {unknown}
 q - 2 potions of flight
 t - a potion of magic {unknown}


   Skills:
 + Level 0.4 Fighting
 + Level 2.3 Short Blades
 + Level 3.1 Dodging
 + Level 3.1 Stealth
 + Level 1.0 Shields
 + Level 7.4 Spellcasting
 + Level 8.3 Necromancy


You had 6 spell levels left.
You knew the following spells:

 Your Spells              Type           Power      Damage    Failure   Level
a - Pain                  Necr           100%       1d9       1%          1
b - Animate Skeleton      Necr           88%        N/A       1%          1
c - Vampiric Draining     Necr           22%        2d9       1%          3
d - Animate Dead          Necr           22%        N/A       2%          4
e - Agony                 Necr           44%        N/A       7%          5

Your spell library contained the following spells:

 Spells                   Type           Power      Damage    Failure   Level
 Corona                   Hex            8%         N/A       8%          1
 Ensorcelled Hibernation  Hex/Ice        24%        N/A       12%         2
 Gell's Gravitas          Tloc           4%         N/A       24%         3
 Lesser Beckoning         Tloc           4%         N/A       24%         3
 Teleport Other           Tloc           8%         N/A       24%         3
 Tukima's Dance           Hex            8%         N/A       24%         3


Dungeon Overview and Level Annotations

Branches:
Dungeon (6/15)
 Temple: D:4-7

Altars:
Elyvilon
Qazlal

Shops:
D:2 ?   D:6 (

Annotations:
D:6 Houndtax's ghost, novice TeCj


Message History

You feel strangely unstable. Houndtax's ghost barely misses you.
You miss Houndtax's ghost. Houndtax's ghost hits you.
You hit Houndtax's ghost but do no damage.
Your surroundings suddenly seem different.
Found Surhat's Weapon Boutique.
Found 21 gold pieces.
There is an entrance to Surhat's Weapon Boutique here.
A kobold brigand comes into view.
It is wielding a +0 short sword and quivering curare-tipped darts.
You see here 21 gold pieces. 2 kobolds come into view.
A kobold is wielding a +0 club and quivering poisoned darts.
The kobold brigand shouts!
The kobold shouts!
You hear a shout!
A kobold comes into view.
It is wielding a +3 short sword and wearing a +0 ring mail of fire resistance.
A kobold comes into view. It is wielding a +0 club.
Found a stone staircase leading up.
You see here 21 gold pieces.
You now have 365 gold pieces (gained 21).
The kobold brigand throws a curare-tipped dart.
The curare-tipped dart hits you.
You are poisoned.
You have difficulty breathing.
You feel yourself slow down.
You are too injured to fight recklessly!
Aiming: Pain (safe; 1% risk of failure)
Press: ? - help, Q - select action, (/) - cycle Shift-Dir - straight line, f - kobold brigand
Aim: a kobold brigand, wielding a +0 short sword and quivering curare-tipped darts (chance to affect: 84%)
The kobold brigand writhes in agony!
The kobold shouts!
You feel very sick.
An orc comes into view. It is wielding a +0 falchion.
The kobold brigand throws a curare-tipped dart.
The curare-tipped dart hits you.
You are lethally poisoned!
You have difficulty breathing.
* * * LOW HITPOINT WARNING * * *
You feel as though you will be slow longer.
Aiming: Pain (safe; 1% risk of failure)
Press: ? - help, Q - select action, (/) - cycle Shift-Dir - straight line, f/p - kobold brigand
Aim: a kobold brigand, wielding a +0 short sword and quivering curare-tipped darts (moderately wounded, chance to affect: 84%)
The kobold brigand writhes in agony!
You die...

#..# .+
#..##.#
+######.....#
.......∩....#
........##..#
....##..# ..+
... #..#+###.
+ #.........
#@........
#.........
#K........
..########
.K.# ...K#
<.K.o+
#.....#
#K....#


You could see a kobold brigand, an orc and 3 kobolds.

Vanquished Creatures
  An ice beast (D:6)
  A black bear (D:5)
  A bullfrog (D:6)
  2 water moccasin skeletons
  A hornet simulacrum (D:6)
  A jelly (D:3)
  A hound (D:5)
  An orc priest (D:5)
  2 iguanas
  Terence (D:3)
  An orc wizard (D:5)
  A bullfrog simulacrum (D:6)
  12 adders
  4 white imps
  An ufetubus (D:4)
  An adder skeleton (D:4)
  2 worms
  3 dart slugs
  6 orcs
  7 bats
  4 endoplasms
  3 giant cockroaches
  2 goblins (D:1)
  6 hobgoblins
  10 jackals
  8 kobolds
  3 quokkas
  4 ball pythons
  2 frilled lizards
  6 rats
98 creatures vanquished.

Notes
Turn   | Place    | Note
-------+----------+-------------------------------------------
     0 | D:1      | horus123 the Deep Elf Necromancer began the quest for the
                  | Orb.
     0 | D:1      | Reached XP level 1. HP: 10/10 MP: 6/6
     2 | D:1      | Learned a level 1 spell: Animate Skeleton
   171 | D:1      | Reached skill level 5 in Necromancy
   401 | D:1      | Reached XP level 2. HP: 12/15 MP: 4/8
  1420 | D:2      | Reached XP level 3. HP: 16/19 MP: 5/9
  1470 | D:2      | Learned a level 3 spell: Vampiric Draining
  1509 | D:2      | Found Eceu's Magic Scroll Boutique.
  1688 | D:2      | Reached skill level 6 in Necromancy
  2178 | D:2      | Reached XP level 4. HP: 22/24 MP: 9/12
  3636 | D:3      | Reached skill level 5 in Spellcasting
  3636 | D:3      | Reached XP level 5. HP: 23/28 MP: 3/14
  3900 | D:3      | Learned a level 4 spell: Animate Dead
  3959 | D:3      | Noticed Terence
  3964 | D:3      | Killed Terence
  4650 | D:3      | Reached skill level 7 in Necromancy
  4721 | D:3      | Found a stormy altar of Qazlal.
  5443 | D:4      | Found a white marble altar of Elyvilon.
  5463 | D:4      | Reached skill level 1 in Short Blades
  5463 | D:4      | Reached XP level 6. HP: 18/32 MP: 15/15
  5648 | D:4      | Learned a level 5 spell: Agony
  5817 | D:5      | Entered Level 5 of the Dungeon
  6272 | D:5      | Reached XP level 7. HP: 33/37 MP: 12/18
  6882 | D:6      | Found a runed translucent gate.
  6882 | D:6      | Found a runed translucent gate.
  6882 | D:6      | Found a runed translucent gate.
  6896 | D:6      | Reached skill level 8 in Necromancy
  6904 | D:6      | HP: 1/37 [white imp/puff of frost (4)]
  6940 | D:6      | Noticed Houndtax's ghost (novice TeCj)
  6942 | D:6      | Reached skill level 1 in Shields
  6962 | D:6      | Found Surhat's Weapon Boutique.
  6975 | D:6      | Succumbed to a kobold brigand's curare-tipped dart

Illustrated notes

Levels and vault maps discovered:
D:1:      dpeg_arrival_refuge, layout_basic
D:2:      layout_basic, serial_shops, shop, grunt_ministairs_14, kennysheep_nub,
          minmay_tall_x
D:3:      layout_loops_ring, mainiacjoe_overflow_alcove_2, minmay_mini_jars,
          uniq_terence
D:4:      layout_loops_ring, nicolae_elyvilon_temple_path
D:5:      layout_loops_ring
D:6:      layout_gridville, minmay_temple_entry_nine_rooms, serial_shops,
          nicolae_square_shop, gammafunk_ghost_icy, minmay_fountain_box,
          kennysheep_generic_room_8, uniq_sigmund

Skill      XL: |  1  2  3  4  5  6  7 |
---------------+----------------------+-----
Necromancy     | 5 6 7 8 |  8.3
Spellcasting   | 4 5 6 7 |  7.4
Short Blades   | 1 2 |  2.3
Stealth        | 3 |  3.1
Dodging        | 3 |  3.1
Shields        | 1 |  1.0
Fighting       | |  0.4

Action                   |  1- 3 |  4- 6 |  7- 9 || total
-------------------------+-------+-------+-------++-------
Melee: Short sword       |       |    51 |    46 ||    97
 Cast: Pain              |    55 |    97 |    27 ||   179
       Vampiric Draining |     1 |    10 |     3 ||    14
       Animate Dead      |       |     3 |     1 ||     4
       Agony             |       |     1 |       ||     1
  Use: Scroll            |     2 |     6 |     2 ||    10
       Potion            |       |       |     4 ||     4
Armor: Robe              |     4 |    19 |    17 ||    40
Dodge: Dodged            |     1 |    54 |    32 ||    87
Block: Other             |     1 |    12 |    21 ||    34
       Reflection        |     1 |       |     2 ||     3
